 Dungeon Crawl Stone Soup version 0.31-a0-486-g8d68a81214 (webtiles) character file.

Game seed: 11103411880370221335

31 AstroCodex24 the Trooper (level 3, -1/29 HPs)
             Began as a Vampire Fighter on Aug 7, 2023.
             Succumbed to a water moccasin's poison
             ... on level 5 of the Dungeon.
             The game lasted 00:02:05 (363 turns).

AstroCodex24 the Trooper (Vampire Fighter)           Turns: 363, Time: 00:02:05

Health: -1/29      AC:  8    Str: 17    XL:     3   Next: 7%
Magic:  3/3        EV:  9    Int: 10    God:
Gold:   16         SH:  4    Dex: 13    Spells: 2/2 levels left

rFire   . . .        a - +0 war axe
rCold   . . .        c - +0 buckler
rNeg    . . .        b - +0 scale mail
rPois   .            (no helmet)
rElec   .            (no cloak)
rCorr   .            h - +1 pair of gloves
SInv    +            (no boots)
Will    .....        (no amulet) Stlth
                     (no ring)
HPRegen 0.44/turn    (no ring)
MPRegen 0.08/turn

%: no passive effects
@: lethally poisoned (-1 -> -13), healing quickly
A: alive, fangs 3, see invisible, vampiric 2
a: Exsanguinate


You were on level 5 of the Dungeon.
You visited 1 branch of the dungeon, and saw 5 of its levels.

You collected 16 gold pieces.

Inventory:

Hand Weapons
 a - a +0 war axe (weapon)
Armour
 b - a +0 scale mail (worn)
 c - a +0 buckler (worn)
 h - a +1 pair of gloves (worn)
Scrolls
 e - a scroll of poison {unknown}
 f - a scroll of brand weapon {unknown}
 g - a scroll of revelation {unknown}
 i - a scroll of immolation {unknown}
Potions
 d - a potion of might


   Skills:
 + Level 3.1 Fighting
 + Level 2.1 Axes
 + Level 2.7 Armour
 + Level 3.0 Shields


You had 2 spell levels left.
You didn't know any spells.
Your spell library contained the following spells:

 Spells                   Type           Power      Damage    Failure   Level
 Portal Projectile        Hex/Tloc       0%         N/A       99%         3
 Tukima's Dance           Hex            0%         N/A       99%         3
 Iskenderun's Mystic Bla  Conj/Tloc      0%         2d3       100%        4


Dungeon Overview and Level Annotations

Branches:
Dungeon (5/15)
 Temple: D:4-7

Altars:


Innate Abilities, Weirdness & Mutations

Your natural rate of healing is accelerated.
You have razor-sharp teeth.
You have supernaturally acute eyesight. (SInv)
You are afflicted with vampirism and can become a bat while bloodless.


Message History

You hit the orc. Your bite misses the orc.
The orc is severely wounded.
The orc hits you with a +0 mace.
You hit the orc but do no damage.
The orc is severely wounded.
The orc closely misses you. You block the orc's attack.
You slash the orc!
You kill the orc!
Your Shields skill increases to level 3!
Items here: ( )) [ †.
Found a stone staircase leading down.
There is a stone staircase leading down here.
You hear the slow hiss of a very distant avalanche of sand.
Found 6 stones.
Found 6 stones.
A water moccasin comes into view.
The water moccasin hisses angrily.
The water moccasin bites you.
You closely miss the water moccasin. Your bite misses the water moccasin.
The water moccasin bites you.
You are poisoned.
The water moccasin poisons you! The water moccasin barely misses you.
You slash the water moccasin! You bite the water moccasin.
The water moccasin is heavily wounded.
You feel very sick.
The water moccasin completely misses you.
The water moccasin bites you!
You are lethally poisoned!
The water moccasin poisons you!
Okay, then.
Okay, then.
You miss the water moccasin.
The water moccasin is heavily wounded.
* * * LOW HITPOINT WARNING * * *
You feel extremely sick. You block the water moccasin's attack.
The water moccasin bites you but does no damage.
You closely miss the water moccasin.
The water moccasin is heavily wounded.
You die...

##..).#>..........#
..)##.#.##.######.#
<.....#.##.######.##
.....[...#.##...#..##
........##......##..#
........#####...###.#
...(....# ###.# #.#
........# #.###.# .
........#
#.@S#.###....
#.......#
###..........
#.......# ###........
#.......# (...(....
######### ..........
...........
########.### .# .


You could see a water moccasin.

Vanquished Creatures
  An adder (D:3)
  A dart slug (D:3)
  4 orcs (D:5)
  2 endoplasms (D:2)
  A goblin (D:3)
  2 hobgoblins
  2 kobolds (D:2)
  A bat (D:2)
  A rat (D:2)
15 creatures vanquished.

Notes
Turn   | Place    | Note
-------+----------+-------------------------------------------
     0 | D:1      | AstroCodex24 the Vampire Fighter began the quest for the
                  | Orb.
     0 | D:1      | Reached XP level 1. HP: 17/17 MP: 1/1
   186 | D:2      | Reached XP level 2. HP: 23/23 MP: 2/2
   285 | D:5      | Entered Level 5 of the Dungeon
   302 | D:5      | Gained mutation: You are afflicted with vampirism and can
                  | become a bat while bloodless. [Vampire growth]
   302 | D:5      | Reached XP level 3. HP: 25/29 MP: 3/3
   357 | D:5      | Noticed a water moccasin
   363 | D:5      | Succumbed to a water moccasin's poison

Illustrated notes

Levels and vault maps discovered:
D:1:      dpeg_arrival_rhombi, layout_loops_ring, serial_shops,
          nicolae_lakefront_shop, hangedman_abyss_or_decor_stabs,
          minmay_pentomino_p2
D:2:      layout_rooms, basic_altar
D:3:      layout_basic, mainiacjoe_overflow_tiny_flanked,
          cheibrodos_sewer_entry_sluice, nrook_mini_backslash, st_stairs_10
D:4:      layout_cave_pools, mainiacjoe_overflow_catch_the_wave,
          minmay_temple_entry_glass, serial_shops,
          nicolae_shop_bloodbath_and_beyond, dk_noncrumbling_2
D:5:      layout_basic, nicolae_ossuary_entry_ruins

Skill      XL: |  1  2  3 |
---------------+----------+-----
Fighting       | 3 |  3.1
Axes           | 2 |  2.1
Shields        | 3 |  3.0
Armour         | |  2.7

Action                     || total
---------------------------++-------
  Melee: War axe           ||    35
         Bite              ||     3
 Armour: Scale mail        ||    26
  Dodge: Dodged            ||    20
  Block: Buckler           ||    13

Table legend: (Time is in decaauts)
 A = Elapsed time spent in this place.
 B = Non-inter-level travel time spent in this place.
 C = Inter-level travel time spent in this place.
 D = Time resting spent in this place.
 E = Time spent auto-exploring this place.
 F = Levels seen in this place.
 G = Mean time per level.
                   A        B        C        D        E       F      G
               +--------+--------+--------+--------+--------+-----+--------+
         Total |    376 |    369 |      7 |      0 |      0 |   5 |   75.2 |
       Dungeon |    376 |    369 |      7 |      0 |      0 |   5 |   75.2 |
               +--------+--------+--------+--------+--------+-----+--------+

Top non-repeatable levels by time:
     D:2: 141 daAuts
     D:1: 85 daAuts
     D:5: 83 daAuts
     D:3: 55 daAuts
     D:4: 11 daAuts
